AoeStats
← [Massa] Edo

Arena

504338640Analyzed
2v2 RM · 27d ago on Sep 4, 2026· 53m 28s· 4 players
Game mode
Random Map
Map size
Medium (4 player)
Population
200
Speed
Normal
Resources
Standard
Victory
Conquest
Starting age
Dark Age
Ending age
Imperial Age
RankedLock teamsTeams togetherTeam positionsShared explorationLock speedFull tech treeHidden civsTurbo modeCheats
Victory
Defeat
🇧🇷 Ethiopians · Brazil
1451
+16
🇧🇷 Britons · Brazil
1436
+18
🇦🇷 Teutons · Argentina
1459
-17
🇦🇷 Turks · Argentina
1459
-17
[Massa] Edo
7:41 Loom
9:44 Feudal Age
11:07 Double-Bit Axe
14:13 Castle Age
12:43 Horse Collar
15:26 Bow Saw
22:15 Wheelbarrow
22:05 Heavy Plow
28:02 Imperial Age
26:09 Ballistics
26:05 Fletching
26:08 Gold Mining
26:42 Bodkin Arrow
26:48 Padded Archer Armor
26:57 Crossbowman
28:30 Leather Archer Armor
28:36 Thumb Ring
28:58 Bracer
28:30 Arbalester
30:15 Chemistry
30:56 Ring Archer Armor
30:58 Scale Mail Armor
31:09 Forging
32:28 Two-Man Saw
32:06 Gold Shaft Mining
31:22 Stone Mining
32:25 Hand Cart
33:27 Chain Mail Armor
33:47 Iron Casting
33:21 Scale Barding Armor
35:18 Town Watch
36:34 Chain Barding Armor
36:50 Iron Casting
37:15 Husbandry
36:35 Light Cavalry
38:17 Conscription
38:27 Siege Engineers
38:27 Torsion Engines
39:13 Hussar
42:47 Blast Furnace
43:39 Stone Shaft Mining
43:05 Town Patrol
44:33 Chain Mail Armor
45:49 Plate Mail Armor
45:28 Murder Holes
47:13 Caravan
47:31 Halberdier
48:11 Squires
47:56 Arson
49:10 Coinage
50:44 Masonry
50:40 Royal Heirs
50:00 Elite Shotel Warrior
51:46 Banking
tg
5:48 Loom
8:20 Feudal Age
10:27 Double-Bit Axe
10:33 Fletching
14:06 Horse Collar
21:05 Wheelbarrow
24:40 Castle Age
23:13 Gold Mining
25:18 Bodkin Arrow
25:23 Padded Archer Armor
24:44 Crossbowman
25:36 Bow Saw
25:27 Heavy Plow
26:08 Gold Shaft Mining
38:36 Hand Cart
42:41 Imperial Age
40:55 Leather Archer Armor
41:02 Ballistics
42:44 Arbalester
43:30 Bracer
44:46 Chemistry
44:42 Ring Archer Armor
45:23 Yeomen
51:11 Ring Archer Armor
51:03 Pikeman
51:45 Squires
51:46 Scale Mail Armor
53:45 Chain Mail Armor
55:05 Two-Man Saw
Batman
11:00 Feudal Age
10:50 Loom
12:36 Feudal Age
16:42 Castle Age
14:52 Double-Bit Axe
15:22 Gold Mining
15:56 Horse Collar
24:02 Imperial Age
22:38 Fervor
23:01 Padded Archer Armor
23:14 Bow Saw
24:14 Heavy Plow
24:32 Leather Archer Armor
25:23 Wheelbarrow
30:59 Scale Barding Armor
34:50 Chain Barding Armor
36:20 Two-Man Saw
35:34 Bloodlines
35:56 Husbandry
36:57 Plate Barding Armor
37:27 Forging
38:12 Town Watch
39:06 Iron Casting
41:20 Blast Furnace
47:50 Stone Mining
48:38 Gold Shaft Mining
52:12 Hand Cart
53:56 Ring Archer Armor
El Guason
9:56 Feudal Age
13:50 Castle Age
12:45 Double-Bit Axe
13:00 Horse Collar
19:03 Bow Saw
20:59 Wheelbarrow
20:59 Stone Mining
21:16 Gold Mining
21:28 Heavy Plow
22:25 Stone Shaft Mining
21:54 Town Watch
21:55 Loom
24:21 Hand Cart
26:01 Town Patrol
30:24 Imperial Age
30:50 Squires
30:35 Arson
30:12 Pikeman
30:54 Scale Mail Armor
31:05 Forging
31:18 Ballistics
30:56 Heavy Scorpion
31:58 Conscription
32:49 Chemistry
32:22 Siege Engineers
32:58 Chain Mail Armor
33:19 Iron Casting
32:07 Pikeman
40:24 Cavalier
41:15 Bloodlines
41:41 Plate Mail Armor
42:12 Blast Furnace
40:57 Halberdier
41:48 Scale Barding Armor
42:31 Masonry
44:23 Crenellations
43:56 Fletching
44:01 Paladin
45:18 Chain Barding Armor
47:09 Plate Barding Armor
49:48 Bodkin Arrow
Connection lost

Rejoining the realm…

Still unreachable

The connection could not be restored.

Session expired

The server has moved on; the page needs a fresh start.